[Event "Monday Night Engine Tour 13 Rd Swiss 3m+1s Starts at 2200hrs ST"]
[Site "Infinity Chess"]
[Date "2018.1.22"]
[Round "10"]
[White "tris77"]
[Black "star99"]
[Result "1/2-1/2"]
[ECO "C65"]
[WhiteElo "2397"]
[BlackElo "2460"]
[WhiteEngine "Raubfisch X37b_CTG"]
[BlackEngine "Cryptic AIL V2"]
[EventType "Swiss"]
[WhiteTeam ""]
[BlackTeam ""]
[PlyCount "57"]
[TimeControl "180+1"]

1. e4 e5 2. Nf3 Nc6 3. Bb5 Nf6 4. O-O Nxe4 5. d4 Nd6 6. Bxc6 dxc6 7. dxe5 Nf5 
8. Qxd8+ Kxd8 9. Rd1+ Ke8 10. b3 Be6 11. Nc3 Be7 12. Bb2 Rd8 13. g3 b5 14. h3 h5 
15. h4 a5 16. Kg2 Bd7 17. Kg1 Be6 18. Kg2 Bd7 19. Kf1 b4 20. Ne2 c5 21. Nf4 Bc6 
22. Ke2 Bb5+ 23. Ke1 Bc6 24. Rxd8+ Kxd8 25. Ke2 Bb5+ 26. Kd2 Bc6 27. Ke2 Bb5+ 
28. Kd2 Bc6 29. Ke2 1/2-1/2

[Event "Monday Night Engine Tour 13 Rd Swiss 3m+1s Starts at 2200hrs ST"]
[Site "Infinity Chess"]
[Date "2018.1.22"]
[Round "10"]
[White "Coco69"]
[Black "MGR"]
[Result "1/2-1/2"]
[ECO "B12"]
[WhiteElo "2484"]
[BlackElo "2522"]
[WhiteEngine "Raubfisch X37b3._CTG"]
[BlackEngine "asmFishW_2017-08-25_bmi2"]
[EventType "Swiss"]
[WhiteTeam ""]
[BlackTeam ""]
[PlyCount "105"]
[TimeControl "180+1"]

1. e4 c6 2. d4 d5 3. e5 c5 4. Nf3 cxd4 5. Nxd4 Nc6 6. c4 e6 7. Nc3 Bc5 
8. Nxc6 bxc6 9. cxd5 cxd5 10. b4 Bf8 11. a3 Ne7 12. Be2 Ng6 13. O-O Be7 
14. f4 O-O 15. Be3 f6 16. exf6 Bxf6 17. Bd4 a5 18. b5 Bb7 19. g3 Rc8 20. Na4 e5 
21. fxe5 Bxe5 22. Bxe5 Rxf1+ 23. Bxf1 Nxe5 24. Bg2 Qe7 25. Qd4 Qf6 26. Kh1 Ng4 
27. Qxf6 gxf6 28. h3 Nf2+ 29. Kg1 Rc2 30. g4 Kf7 31. Nb6 Ne4 32. Re1 Nc3 
33. Kf1 Nxb5 34. Nxd5 Bc6 35. Re7+ Kf8 36. Rxh7 Nxa3 37. Be4 Rc4 38. Rh8+ Kf7 
39. Rh6 Bxd5 40. Bxd5+ Kg7 41. Bxc4 Kxh6 42. Bd3 Kg5 43. Ke2 Kf4 44. Kf2 a4 
45. Ke2 Ke5 46. h4 Kf4 47. h5 Kg5 48. Ke3 f5 49. h6 Kxh6 50. gxf5 Kg7 
51. f6+ Kxf6 52. Kd4 Nb1 53. Bxb1 1/2-1/2

[Event "Monday Night Engine Tour 13 Rd Swiss 3m+1s Starts at 2200hrs ST"]
[Site "Infinity Chess"]
[Date "2018.1.22"]
[Round "10"]
[White "Ninja_Bp"]
[Black "MrScience"]
[Result "1/2-1/2 "]
[ECO "C01"]
[WhiteElo "2402"]
[BlackElo "2555"]
[WhiteEngine "Houdini 6_CTG"]
[BlackEngine "BrainFish_x64_modern"]
[EventType "Swiss"]
[WhiteTeam ""]
[BlackTeam ""]
[PlyCount "167"]
[TimeControl "180+1"]

1. e4 e6 2. d4 d5 3. exd5 exd5 4. Bd3 Bd6 5. Nf3 Nf6 6. O-O O-O 7. Nc3 c6 
8. h3 Re8 9. Bg5 Be6 10. Ne5 h6 11. Bh4 Na6 12. f4 Nb4 13. Kh1 Nxd3 14. Qxd3 Qc7 
15. Rae1 Rac8 16. Re3 Be7 17. f5 Bd7 18. Qe2 Bd8 19. a4 Qd6 20. Re1 Rf8 
21. Qf3 Be8 22. b3 Bd7 23. Rf1 Re8 24. Rd1 Nh7 25. Bg3 f6 26. Nxd7 Qxd7 
27. Rxe8+ Qxe8 28. h4 Qd7 29. Bf2 Nf8 30. g4 Ba5 31. Ne2 Re8 32. Kg2 g5 
33. hxg5 hxg5 34. c4 Qf7 35. Rc1 Nd7 36. Ng3 Re7 37. Qd3 Bc7 38. Nh5 Kf8 
39. Rh1 Re4 40. Qf3 a5 41. Rh3 Re8 42. c5 Ke7 43. Qc3 Kd8 44. Ng3 Kc8 
45. Rh1 Re7 46. b4 axb4 47. Qxb4 Nb8 48. Rb1 Bd8 49. Be1 Na6 50. Qc3 Bc7 
51. Qb2 Bb8 52. Bf2 Bf4 53. Qb3 Bb8 54. Nh5 Re4 55. Qf3 Qe7 56. Rh1 Kd7 
57. Rd1 Bc7 58. Kf1 Kc8 59. Re1 Bd8 60. Qd1 Nb4 61. Qb3 Na6 62. Qb1 Qf7 
63. Qd1 Qe8 64. Re2 Qf7 65. Rc2 Qc7 66. Ng3 Re7 67. Re2 b6 68. Rxe7 Qxe7 
69. cxb6 Bxb6 70. Qe2 Qxe2+ 71. Kxe2 Nb8 72. Nh5 Nd7 73. Kd3 Bd8 74. Be1 Be7 
75. a5 Kb7 76. Ng7 Ka6 77. Ne6 Bd6 78. Bc3 Kb5 79. Be1 Nb8 80. Bd2 Na6 
81. Nxg5 fxg5 82. Bxg5 c5 83. dxc5 Nxc5+ 84. Kd4 1/2-1/2

[Event "Monday Night Engine Tour 13 Rd Swiss 3m+1s Starts at 2200hrs ST"]
[Site "Infinity Chess"]
[Date "2018.1.22"]
[Round "10"]
[White "OlivierEvan"]
[Black "BraveDevil"]
[Result "1/2-1/2"]
[ECO "B90"]
[WhiteElo "2476"]
[BlackElo "2430"]
[WhiteEngine "Houdini 6"]
[BlackEngine "Cryptic AIL V2"]
[EventType "Swiss"]
[WhiteTeam ""]
[BlackTeam ""]
[PlyCount "108"]
[TimeControl "180+1"]

1. e4 c5 2. Nf3 d6 3. d4 cxd4 4. Nxd4 Nf6 5. Nc3 a6 6. Be3 e5 7. Nb3 Be7 
8. Be2 Be6 9. Qd3 Nc6 10. a3 Rc8 11. O-O O-O 12. Nd5 Nd7 13. Qd2 h6 14. Rad1 Bg5 
15. Bxg5 Qxg5 16. Qxg5 hxg5 17. h3 g6 18. Rd2 Kg7 19. Rfd1 Rfd8 20. Bg4 f5 
21. Bf3 Kf7 22. Nc3 Nb6 23. Rxd6 Rxd6 24. Rxd6 Nc4 25. Rxe6 Kxe6 26. exf5+ Ke7 
27. fxg6 Kf6 28. Nc5 Nxb2 29. Be4 Ne7 30. Bxb7 Rc7 31. N3e4+ Kxg6 32. Bxa6 Ng8 
33. Bd3 Nxd3 34. Nxd3 Re7 35. Nd6 e4 36. Nc5 Nf6 37. c4 Re5 38. Ncb7 e3 
39. fxe3 Rxe3 40. a4 Ra3 41. Nc5 Nh5 42. Kf2 Nf4 43. Nce4 Rxa4 44. g3 Nxh3+ 
45. Ke3 g4 46. c5 Ra6 47. Kd4 Ng5 48. Nxg5 Kxg5 49. Ke5 Kg6 50. Ne4 Kf7 
51. c6 Rxc6 52. Nf2 Rg6 53. Ne4 Rg8 54. Nf2 Ke7 1/2-1/2

[Event "Monday Night Engine Tour 13 Rd Swiss 3m+1s Starts at 2200hrs ST"]
[Site "Infinity Chess"]
[Date "2018.1.22"]
[Round "9"]
[White "RonWeasley"]
[Black "BraveDevil"]
[Result "1/2-1/2 "]
[ECO "B96"]
[WhiteElo "2506"]
[BlackElo "2427"]
[WhiteEngine "BrainFish 130117_CTG"]
[BlackEngine "Cryptic AIL V2"]
[EventType "Swiss"]
[WhiteTeam ""]
[BlackTeam ""]
[PlyCount "324"]
[TimeControl "180+1"]

1. e4 c5 2. Nf3 d6 3. d4 cxd4 4. Nxd4 Nf6 5. Nc3 a6 6. Bg5 e6 7. f4 h6 
8. Bh4 Qb6 9. Qd2 Qxb2 10. Rb1 Qa3 11. e5 dxe5 12. fxe5 Nfd7 13. Ne4 Qxa2 
14. Rd1 Qd5 15. Qe3 Qxe5 16. Be2 Bc5 17. Bg3 Bxd4 18. Rxd4 Qa5+ 19. Rd2 O-O 
20. Bd6 Nc6 21. O-O Rd8 22. Qf4 f5 23. Bc7 Qb4 24. Nd6 Qxf4 25. Rxf4 Rf8 
26. Nxc8 Raxc8 27. Rxd7 Rf7 28. Rxf7 Kxf7 29. Bb6 Ne5 30. c4 g5 31. Rd4 g4 
32. Kf1 h5 33. Kf2 Kf6 34. Ke3 Rc6 35. Ba5 b6 36. Bc3 Kg5 37. Kf2 Kg6 
38. Bb2 Nf7 39. g3 Nd6 40. Ba3 Nf7 41. Ke3 Rc7 42. Rd1 Kg5 43. Rb1 Rc6 
44. c5 bxc5 45. Rc1 Kg6 46. Rxc5 Rb6 47. Ra5 Ng5 48. Rxa6 Rb3+ 49. Kf2 f4 
50. gxf4 Nh3+ 51. Ke1 Nxf4 52. Bd1 Re3+ 53. Kf2 Rh3 54. Kg1 Rc3 55. Kf1 Nd5 
56. Kf2 Nf4 57. Kg1 Kf7 58. Bb2 Rc5 59. Kf1 Kg6 60. Ba3 Rc3 61. Bd6 Rc4 
62. Ra7 Nd5 63. Be2 Ne3+ 64. Kf2 Rd4 65. Be5 Rd5 66. Ba1 Nf5 67. Ra6 Kg5 
68. Bb2 Nd6 69. Bc1+ Kf6 70. Ba3 Nf5 71. Bb4 Nd4 72. Bd3 Rd7 73. Bc3 Kg5 
74. Bd2+ Kf6 75. Be4 Rc7 76. Ba5 Rc8 77. Ke3 Ke5 78. Bd3 h4 79. Bd2 Nf5+ 
80. Kf2 Kf6 81. Ra4 g3+ 82. hxg3 hxg3+ 83. Kg2 Kg6 84. Be1 Rd8 85. Be2 Rb8 
86. Rg4+ Kf7 87. Rb4 Rc8 88. Bd3 Ra8 89. Bb1 Ra3 90. Bd2 Kg6 91. Bc1 Rc3 
92. Bd2 Ra3 93. Re4 Kh5 94. Kh3 Ra1 95. Rb4 Ra3 96. Re4 Ra1 97. Re1 Ra4 
98. Be4 Kg6 99. Kg2 Ra2 100. Re2 Kf7 101. Kh3 Rb2 102. Bf3 Rb8 103. Re1 Rh8+ 
104. Kg4 Rh2 105. Bf4 Rb2 106. Be4 g2 107. Bh2 Rb3 108. Bg1 Kf6 109. Bf2 g1=Q+ 
110. Rxg1 Ne3+ 111. Kh5 Rb5+ 112. Kh6 Rb2 113. Rg6+ Ke5 114. Bxe3 Re2 
115. Bb6 Rxe4 116. Bc7+ Kd5 117. Rg8 e5 118. Re8 Kc6 119. Re7 Re1 120. Kg5 Kd5 
121. Re8 Rg1+ 122. Kh4 Re1 123. Kg3 Kc6 124. Re7 Kd5 125. Re8 Kc6 126. Re7 Kd5 
127. Kf2 Re4 128. Kf3 Rf4+ 129. Kg3 Re4 130. Bb8 Re1 131. Kf2 Re4 132. Kf3 Re1 
133. Re8 Rf1+ 134. Ke2 Rf5 135. Ke3 Rh5 136. Re7 Rh3+ 137. Kf2 e4 138. Bg3 Kd4 
139. Rd7+ Kc4 140. Rd8 Kc5 141. Rd1 Kc4 142. Rd8 Kc3 143. Ra8 Kd4 144. Ra4+ Kd5 
145. Ra5+ Kc4 146. Ra1 e3+ 147. Kf3 e2 148. Kf2 Rh7 149. Kxe2 Rb7 150. Bf4 Kd4 
151. Ra4+ Kd5 152. Kf3 Rb1 153. Be3 Rf1+ 154. Bf2 Kd6 155. Ra6+ Kd5 156. Ra4 Ke5 
157. Ra5+ Kd6 158. Rf5 Ra1 159. Ke4 Rb1 160. Rh5 Rb4+ 161. Bd4 Ke6 162. Rh6+ Ke7 
1/2-1/2

[Event "Monday Night Engine Tour 13 Rd Swiss 3m+1s Starts at 2200hrs ST"]
[Site "Infinity Chess"]
[Date "2018.1.22"]
[Round "9"]
[White "star99"]
[Black "Victorious"]
[Result "1/2-1/2"]
[ECO "C53"]
[WhiteElo "2458"]
[BlackElo "2513"]
[WhiteEngine "Cryptic AIL V2"]
[BlackEngine "BugChess2.41_Release"]
[EventType "Swiss"]
[WhiteTeam ""]
[BlackTeam ""]
[PlyCount "95"]
[TimeControl "180+1"]

1. e4 e5 2. Nf3 Nc6 3. Bc4 Bc5 4. c3 Nf6 5. d3 d6 6. O-O O-O 7. h3 a6 8. b4 Ba7 
9. a4 h6 10. Nbd2 Ne7 11. Re1 Ng6 12. d4 Bd7 13. Nf1 c6 14. Bd3 a5 15. b5 cxb5 
16. axb5 Re8 17. Ng3 Rc8 18. Bd2 Bb6 19. Qb3 Be6 20. d5 Bd7 21. Bf1 Ra8 
22. Be3 Bxe3 23. Rxe3 Bc8 24. Qa3 Qc7 25. Nd2 Rd8 26. c4 Nf4 27. c5 dxc5 
28. b6 Qxb6 29. Nc4 Qc7 30. Qb2 h5 31. Nb6 Rb8 32. h4 Ng4 33. Rb3 Qe7 34. f3 Nh6 
35. Ne2 Nxe2+ 36. Qxe2 f5 37. Rxa5 Nf7 38. g3 fxe4 39. Qxe4 Nd6 40. Qe3 Nf5 
41. Qxc5 Qf6 42. d6 Nxg3 43. Qxe5 Qxh4 44. Bg2 Qd4+ 45. Kh2 Qh4+ 46. Kg1 Qd4+ 
47. Kh2 Qh4+ 48. Kg1 1/2-1/2

[Event "Monday Night Engine Tour 13 Rd Swiss 3m+1s Starts at 2200hrs ST"]
[Site "Infinity Chess"]
[Date "2018.1.22"]
[Round "9"]
[White "MGR"]
[Black "tris77"]
[Result "1/2-1/2"]
[ECO "E32"]
[WhiteElo "2527"]
[BlackElo "2392"]
[WhiteEngine "asmFishW_2017-08-25_bmi2"]
[BlackEngine "Raubfisch X37b_CTG"]
[EventType "Swiss"]
[WhiteTeam ""]
[BlackTeam ""]
[PlyCount "133"]
[TimeControl "180+1"]

1. d4 Nf6 2. c4 e6 3. Nc3 Bb4 4. Qc2 O-O 5. e4 d6 6. e5 dxe5 7. dxe5 Ng4 
8. Nf3 Nc6 9. Bf4 Nd4 10. Qd2 Nxf3+ 11. gxf3 Qxd2+ 12. Kxd2 Nh6 13. Bxh6 gxh6 
14. Rd1 Bd7 15. Bd3 f5 16. exf6 Rxf6 17. Ke2 Rf7 18. Rhg1+ Kh8 19. Be4 Bd6 
20. Rg4 Rb8 21. Rh4 b5 22. cxb5 Bxb5+ 23. Nxb5 Rxb5 24. b3 Ra5 25. a4 h5 
26. Bd3 Re5+ 27. Re4 Ref5 28. Rh4 Re5+ 29. Re4 Ref5 30. Re3 R5f6 31. Bc4 Re7 
32. h3 Kg7 33. Rb1 Rg6 34. Re4 a5 35. Rc1 Rg5 36. Bb5 Kf6 37. Rc3 Rg1 38. f4 Rh1 
39. Rce3 Bc5 40. Rc3 Bb4 41. Rd3 Bd6 42. Rde3 Bc5 43. Rc3 Bd6 44. Bc4 Kf5 
45. Rce3 Bxf4 46. Bxe6+ Rxe6 47. Rxe6 Bxe3 48. Rxe3 c5 49. Rc3 Kg6 50. Kd2 h4 
51. Rf3 Rf1 52. Ke2 Ra1 53. Rc3 Rh1 54. Rxc5 Rxh3 55. Rxa5 Rxb3 56. Ra6+ Kg5 
57. Ra7 h6 58. Kf1 h3 59. Kg1 Ra3 60. a5 Kf4 61. Kh2 Kf5 62. Ra6 Kg5 63. Ra7 Kf5 
64. f3 Kg6 65. Kxh3 Rxf3+ 66. Kg4 Ra3 67. Ra6+ 1/2-1/2

[Event "Monday Night Engine Tour 13 Rd Swiss 3m+1s Starts at 2200hrs ST"]
[Site "Infinity Chess"]
[Date "2018.1.22"]
[Round "9"]
[White "MrScience"]
[Black "Dovahkiin"]
[Result "1/2-1/2"]
[ECO "C00"]
[WhiteElo "2560"]
[BlackElo "2435"]
[WhiteEngine "BrainFish_x64_modern"]
[BlackEngine "BrainFish_180113_x64_modern_CTG"]
[EventType "Swiss"]
[WhiteTeam ""]
[BlackTeam ""]
[PlyCount "149"]
[TimeControl "180+1"]

1. e4 e6 2. Nc3 d5 3. d4 Nf6 4. e5 Nfd7 5. f4 c5 6. Nf3 Nc6 7. Be3 cxd4 
8. Nxd4 Qb6 9. Qd2 Qxb2 10. Rb1 Qa3 11. Bb5 Nxd4 12. Bxd4 a6 13. Bxd7+ Bxd7 
14. Rb3 Qe7 15. Rxb7 Rc8 16. O-O Qd8 17. Qf2 Rxc3 18. Bxc3 Qc8 19. Rb3 Ba4 
20. Bd4 Bxb3 21. axb3 Be7 22. c3 O-O 23. b4 Qc6 24. Ra1 Bd8 25. h4 Bc7 26. h5 h6 
27. g4 a5 28. g5 axb4 29. gxh6 gxh6 30. Kh1 Kh8 31. Rg1 Rg8 32. Rxg8+ Kxg8 
33. Qg1+ Kf8 34. Bc5+ Ke8 35. Qg8+ Kd7 36. Qxf7+ Kc8 37. Qg8+ Kb7 38. Bxb4 Qc4 
39. Qf7 d4 40. cxd4 Qxb4 41. Qxe6 Qxd4 42. Qb3+ Bb6 43. Qf7+ Ka6 44. Qa2+ Kb5 
45. Qb3+ Kc6 46. Qf3+ Kc7 47. Qg2 Qxf4 48. Qg7+ Kc8 49. Qg8+ Kb7 50. Qg2+ Kc7 
51. Qg7+ Kc8 52. Qg8+ Bd8 53. e6 Qc1+ 54. Kg2 Qb2+ 55. Kf1 Qc1+ 56. Ke2 Qc2+ 
57. Kf3 Qd1+ 58. Kf2 Qd4+ 59. Kf1 Qf4+ 60. Ke1 Qh4+ 61. Kf1 Qh1+ 62. Kf2 Qh2+ 
63. Ke3 Qe5+ 64. Kf2 Qf5+ 65. Kg2 Qe4+ 66. Kf1 Qc4+ 67. Ke1 Kc7 68. Qg7+ Kb6 
69. e7 Qe6+ 70. Kf1 Bxe7 71. Qg6 Bf6 72. Qxh6 Qh3+ 73. Ke2 Qg4+ 74. Ke1 Qf3 
75. Kd2 1/2-1/2

[Event "Monday Night Engine Tour 13 Rd Swiss 3m+1s Starts at 2200hrs ST"]
[Site "Infinity Chess"]
[Date "2018.1.22"]
[Round "9"]
[White "Ninja_Bp"]
[Black "OlivierEvan"]
[Result "1/2-1/2"]
[ECO "C53"]
[WhiteElo "2399"]
[BlackElo "2479"]
[WhiteEngine "Houdini 6_CTG"]
[BlackEngine "Houdini 6"]
[EventType "Swiss"]
[WhiteTeam ""]
[BlackTeam ""]
[PlyCount "185"]
[TimeControl "180+1"]

1. e4 e5 2. Nf3 Nc6 3. Bc4 Bc5 4. c3 Nf6 5. d3 d6 6. O-O a5 7. Re1 O-O 8. h3 h6 
9. a4 Bb6 10. Nbd2 Be6 11. Bxe6 fxe6 12. Nc4 Bc5 13. Be3 Bxe3 14. Rxe3 Nd7 
15. Ncd2 Qf6 16. Qb3 Nc5 17. Qc4 Ra6 18. Rc1 Nd7 19. Rf1 Rb6 20. Qa2 Nc5 
21. Ne1 Qd8 22. Qa3 Qe7 23. Nef3 Ra6 24. Qa2 Nd7 25. Qb3 Nc5 26. Qd1 Qf6 
27. Nc4 Qg6 28. Rfe1 Rf4 29. Na3 Ra8 30. Nb5 Na6 31. R1e2 Raf8 32. Nh2 Qh5 
33. Qd2 R4f7 34. Rg3 Kh7 35. Ng4 Qh4 36. d4 exd4 37. Nxd4 Nxd4 38. cxd4 Nb4 
39. Qc3 c6 40. Nh2 Qe7 41. Nf3 b6 42. Nd2 Qc7 43. b3 Rf4 44. Nc4 Kg8 45. Qd2 Qd8 
46. Qc1 Qc7 47. Qd1 Kh8 48. Rc3 b5 49. Nd2 Qf7 50. Qe1 Qe8 51. Nf3 Kg8 
52. Rce3 Qf7 53. Qd2 Qa7 54. Qc3 Qf7 55. Qa1 Qa7 56. Qb2 Qc7 57. Rc3 Qd7 
58. Qd2 Qb7 59. Ne1 Qb6 60. g3 R4f7 61. Kg2 Rc7 62. Nf3 bxa4 63. bxa4 c5 
64. dxc5 Rxc5 65. Nd4 Rxc3 66. Qxc3 Qc5 67. Qe3 Qc4 68. Rd2 Rd8 69. Qf3 Nc6 
70. Qd1 Rb8 71. Qe2 Ne5 72. f4 Qxe2+ 73. Rxe2 Nc4 74. Nxe6 Rb4 75. Nc7 Rxa4 
76. e5 dxe5 77. fxe5 Ra3 78. e6 Re3 79. Rc2 Nd6 80. Rd2 Rc3 81. Rxd6 Rxc7 
82. Rd7 Rc8 83. Ra7 Re8 84. Ra6 Kf8 85. g4 Ke7 86. h4 Kf6 87. g5+ hxg5 
88. hxg5+ Ke5 89. g6 Rxe6 90. Rxa5+ Kd4 91. Ra4+ Kd3 92. Ra3+ Kd4 93. Ra4+ 
1/2-1/2

[Event "Monday Night Engine Tour 13 Rd Swiss 3m+1s Starts at 2200hrs ST"]
[Site "Infinity Chess"]
[Date "2018.1.22"]
[Round "9"]
[White "Coco69"]
[Black "KULLANI"]
[Result "1/2-1/2"]
[ECO "C53"]
[WhiteElo "2483"]
[BlackElo "2501"]
[WhiteEngine "Raubfisch X37b3._CTG"]
[BlackEngine "asmfish-popcnt-012018-W_CTG"]
[EventType "Swiss"]
[WhiteTeam ""]
[BlackTeam ""]
[PlyCount "113"]
[TimeControl "180+1"]

1. e4 e5 2. Nf3 Nc6 3. Bc4 Bc5 4. c3 Nf6 5. d4 exd4 6. e5 d5 7. Bb5 Ne4 
8. cxd4 Bb6 9. O-O O-O 10. h3 f6 11. Nc3 fxe5 12. Bxc6 bxc6 13. Nxe4 dxe4 
14. Qb3+ Qd5 15. Nxe5 Ba6 16. Rd1 Qxb3 17. axb3 Bb5 18. Be3 Rad8 19. b4 Rd5 
20. Rac1 Rf6 21. Nc4 Ba4 22. Rd2 Rb5 23. Nxb6 cxb6 24. d5 Rxd5 25. Rxd5 cxd5 
26. Ra1 b5 27. Rc1 Bb3 28. Bxa7 Ra6 29. Bd4 g6 30. Kh2 Bc4 31. Rc3 Ra2 
32. Kg3 Kf7 33. Kf4 Ke6 34. b3 Bf1 35. Rc6+ Kd7 36. Rb6 Rc2 37. Bc5 d4 
38. Bxd4 Rc6 39. Rb7+ Rc7 40. Rxc7+ Kxc7 41. g3 Bxh3 42. Kxe4 Be6 43. Kf3 Bxb3 
44. Kf4 Bc2 45. Ke5 Kc6 46. g4 h5 47. gxh5 gxh5 48. f4 h4 49. f5 h3 50. Bg1 Bb3 
51. Kf6 Kd5 52. Ke7 Kc4 53. Kf6 Kxb4 54. Kg5 Kc4 55. Kg4 Kd5 56. f6 Kd6 57. Kxh3 
1/2-1/2

[Event "Monday Night Engine Tour 13 Rd Swiss 3m+1s Starts at 2200hrs ST"]
[Site "Infinity Chess"]
[Date "2018.1.22"]
[Round "8"]
[White "Dovahkiin"]
[Black "star99"]
[Result "0-1"]
[ECO "A00"]
[WhiteElo "2451"]
[BlackElo "2442"]
[WhiteEngine "BrainFish_180113_x64_modern_CTG"]
[BlackEngine "Cryptic AIL V2"]
[EventType "Swiss"]
[WhiteTeam ""]
[BlackTeam ""]
[PlyCount "166"]
[TimeControl "180+1"]

1. e3 e5 2. e4 Nf6 3. Nc3 Bb4 4. Nf3 O-O 5. Nxe5 d5 6. Nd3 Bxc3 7. dxc3 dxe4 
8. Nf4 Qxd1+ 9. Kxd1 Rd8+ 10. Ke1 Nc6 11. Ne2 h6 12. Ng3 a5 13. f3 Re8 
14. Kf2 Bd7 15. Nxe4 Nxe4+ 16. fxe4 Rxe4 17. h3 Re6 18. Bf4 Ne5 19. Re1 Rae8 
20. Be2 g5 21. Bh2 Kg7 22. Bh5 R8e7 23. h4 Bc6 24. Rxe5 Rxe5 25. Bxe5+ Rxe5 
26. hxg5 hxg5 27. Rd1 Bd5 28. Bf3 Be6 29. a3 b6 30. Rd8 g4 31. Bb7 Rf5+ 
32. Kg3 Rb5 33. b3 Re5 34. Kf2 Kf6 35. c4 Rf5+ 36. Ke3 Kg5 37. Be4 Rf1 
38. Bd3 Re1+ 39. Kf2 Rd1 40. Ke3 a4 41. Rg8+ Kf6 42. bxa4 Rg1 43. a5 bxa5 
44. Ra8 Rxg2 45. Rxa5 Ke7 46. Rh5 Kd6 47. c5+ Ke7 48. Rh1 Kf6 49. Ke4 Bf5+ 
50. Ke3 Bxd3 51. cxd3 Kg5 52. Rh7 Kg6 53. Rh8 f5 54. Rf8 Rc2 55. Kf4 Rf2+ 
56. Ke5 Kg7 57. Rc8 g3 58. Rxc7+ Kg6 59. Rb7 g2 60. Rb6+ Kg5 61. Rb8 Re2+ 
62. Kd5 Kf6 63. Rb6+ Kg7 64. Rb7+ Kh6 65. Rb6+ Kh5 66. Rb8 f4 67. c6 f3 
68. Rh8+ Kg4 69. Rg8+ Kf4 70. Rf8+ Ke3 71. Rg8 f2 72. c7 f1=Q 73. Rg3+ Kf4 
74. c8=Q Kxg3 75. Qg8+ Kf2 76. Kc6 Rc2+ 77. Kb7 Qxd3 78. a4 g1=Q 79. Qf8+ Qf3+ 
80. Ka6 Qxf8 81. a5 Qg6+ 82. Kb7 Rb2+ 83. Kc7 Qgd6# 0-1

[Event "Monday Night Engine Tour 13 Rd Swiss 3m+1s Starts at 2200hrs ST"]
[Site "Infinity Chess"]
[Date "2018.1.22"]
[Round "8"]
[White "tris77"]
[Black "Ninja_Bp"]
[Result "1/2-1/2"]
[ECO "A46"]
[WhiteElo "2392"]
[BlackElo "2399"]
[WhiteEngine "Raubfisch X37b_CTG"]
[BlackEngine "Houdini 6_CTG"]
[EventType "Swiss"]
[WhiteTeam ""]
[BlackTeam ""]
[PlyCount "123"]
[TimeControl "180+1"]

1. d4 Nf6 2. Nf3 d5 3. c4 c6 4. Nc3 e6 5. e3 Nbd7 6. Bd3 dxc4 7. Bxc4 b5 
8. Bd3 a6 9. e4 c5 10. d5 Bb7 11. dxe6 fxe6 12. Bc2 c4 13. O-O Nc5 14. Qe2 Be7 
15. Rd1 Qc7 16. b4 cxb3 17. axb3 O-O 18. Nd4 b4 19. e5 Nfd7 20. Qh5 h6 
21. f4 bxc3 22. Qg6 Rf5 23. Bxf5 Nf8 24. Qg4 exf5 25. Nxf5 Nce6 26. Nxh6+ Kh7 
27. Nf5 Bc5+ 28. Kh1 c2 29. Rd2 Bb4 30. Rd3 Kg8 31. Rh3 Kf7 32. Bb2 Rc8 
33. Rc1 Qc6 34. Rg3 g6 35. Ne3 Qe4 36. f5 Qxg4 37. Rxg4 Bd2 38. fxe6+ Kxe6 
39. Rxc2 Bxe3 40. Rxc8 Bxc8 41. Ba3 Kf7 42. Rg3 Bh6 43. Rf3+ Kg8 44. Bxf8 Bxf8 
45. Rf6 g5 46. Rc6 Bb7 47. Rg6+ Kf7 48. Rxg5 Bc8 49. Rg3 Be7 50. Rc3 Be6 
51. Rc6 a5 52. Rb6 Bc5 53. Rb5 Bb4 54. h4 Bxb3 55. h5 Ke6 56. h6 Bc2 
57. Rb7 Kxe5 58. h7 Bxh7 59. Rxh7 Kd4 60. Rh8 Kc4 61. g3 Kb3 62. g4 1/2-1/2

[Event "Monday Night Engine Tour 13 Rd Swiss 3m+1s Starts at 2200hrs ST"]
[Site "Infinity Chess"]
[Date "2018.1.22"]
[Round "8"]
[White "BraveDevil"]
[Black "MGR"]
[Result "1/2-1/2"]
[ECO "B23"]
[WhiteElo "2423"]
[BlackElo "2531"]
[WhiteEngine "Cryptic AIL V2"]
[BlackEngine "asmFishW_2017-08-25_bmi2"]
[EventType "Swiss"]
[WhiteTeam ""]
[BlackTeam ""]
[PlyCount "102"]
[TimeControl "180+1"]

1. e4 c5 2. Nc3 d6 3. Nf3 Nf6 4. d4 cxd4 5. Nxd4 a6 6. Be3 e5 7. Nb3 Be6 
8. f3 h5 9. Qd2 Nbd7 10. Nd5 Bxd5 11. exd5 g6 12. Be2 Bg7 13. Na5 Rb8 14. O-O e4 
15. Nc4 O-O 16. f4 Ng4 17. Bxg4 hxg4 18. f5 Qc7 19. Qb4 b5 20. Na5 Rbe8 
21. Rad1 gxf5 22. Nc6 Ne5 23. Rxf5 Qd7 24. Rg5 Nc4 25. Qc3 f6 26. Rh5 Nxe3 
27. Qxe3 f5 28. Qg5 e3 29. Re1 f4 30. Rh4 Qf5 31. Rxg4 Qxg5 32. Rxg5 Kh7 
33. c3 Rf7 34. a3 Kh6 35. Rg4 Kh5 36. h3 Bh8 37. Nb4 f3 38. gxf3 Rxf3 
39. Nxa6 Rxh3 40. Rg2 Bf6 41. Nc7 Re5 42. Nxb5 Rxd5 43. Nd4 Bxd4 44. cxd4 Rxd4 
45. b4 Rg4 46. b5 e2 47. Rexe2 Rxg2+ 48. Kxg2 Rxa3 49. Rd2 Rb3 50. Rxd6 Kg5 
51. Rb6 Kf5 1/2-1/2

[Event "Monday Night Engine Tour 13 Rd Swiss 3m+1s Starts at 2200hrs ST"]
[Site "Infinity Chess"]
[Date "2018.1.22"]
[Round "8"]
[White "Victorious"]
[Black "MrScience"]
[Result "1/2-1/2 "]
[ECO "E20"]
[WhiteElo "2511"]
[BlackElo "2562"]
[WhiteEngine "BugChess2.41_Release"]
[BlackEngine "BrainFish_x64_modern"]
[EventType "Swiss"]
[WhiteTeam ""]
[BlackTeam ""]
[PlyCount "227"]
[TimeControl "180+1"]

1. d4 Nf6 2. c4 e6 3. Nc3 Bb4 4. Bd2 c5 5. a3 Bxc3 6. Bxc3 Ne4 7. Rc1 b6 
8. g3 Bb7 9. Nf3 d6 10. Bg2 O-O 11. O-O Nd7 12. Qd3 Nxc3 13. Rxc3 Nf6 
14. Nd2 Bxg2 15. Kxg2 Qe7 16. e4 Rac8 17. Rd1 e5 18. d5 g6 19. Re1 Rce8 
20. Qe2 Nd7 21. Re3 Qg5 22. b3 Kh8 23. Nf3 Qe7 24. Nd2 a6 25. Kh1 Rg8 
26. Qd3 Qg5 27. Rf1 Qh6 28. f4 a5 29. a4 Re7 30. f5 Ree8 31. Ref3 g5 32. g4 Nf6 
33. Rh3 Qf8 34. Qe2 h5 35. Rg1 Qh6 36. Nf1 h4 37. Rd3 Qf8 38. Kg2 Kg7 
39. Qf3 Qe7 40. Ne3 Qd8 41. Nd1 Kh7 42. Nc3 Ref8 43. Rf1 Ne8 44. Rf2 Kg7 
45. h3 Qe7 46. Qe2 Qd8 47. Qe3 f6 48. Kf1 Rh8 49. Rd1 Nc7 50. Nb5 Rhg8 
51. Kg2 Na6 52. Qd3 Nb4 53. Qc3 Qd7 54. Re2 Rd8 55. Qe3 Rh8 56. Kf2 Rde8 
57. Rc1 Rhg8 58. Nc3 Kf7 59. Qd2 Rc8 60. Ke3 Qe7 61. Rd1 Kg7 62. Rb1 Rgf8 
63. Kf3 Rfe8 64. Rf2 Ra8 65. Kg2 Rec8 66. Nb5 Rg8 67. Rbf1 Raf8 68. Na3 Kf7 
69. Rc1 Kg7 70. Rff1 Qd8 71. Nb5 Qd7 72. Nc3 Rh8 73. Rfd1 Qe7 74. Qf2 Re8 
75. Qe2 Qd7 76. Nb5 Rd8 77. Rg1 Rhe8 78. Rb1 Rh8 79. Qd1 Rde8 80. Re1 Kg8 
81. Rg1 Kg7 82. Rc1 Rh7 83. Rf1 Rb8 84. Ra1 Rhh8 85. Rb1 Na2 86. Kf3 Rbe8 
87. Ra1 Nb4 88. Rg1 Kf7 89. Na3 Qe7 90. Nb1 Rd8 91. Kg2 Rh7 92. Qe2 Rg8 
93. Nd2 Nc2 94. Rac1 Nd4 95. Qd3 Qd7 96. Nf3 Nxf3 97. Kxf3 Rhh8 98. Qc2 Ra8 
99. Qd2 Ke7 100. Qe2 Kd8 101. Rge1 Ke8 102. Rcd1 Rg8 103. Qe3 Kd8 104. Rc1 Ke8 
105. Qd2 Rf8 106. Qf2 Kf7 107. Qe2 Qe7 108. Kf2 Ke8 109. Qd3 Qd7 110. Kg2 Kd8 
111. Rf1 Kc7 112. Rcd1 Rfe8 113. Qd2 Rab8 114. Ra1 1/2-1/2

[Event "Monday Night Engine Tour 13 Rd Swiss 3m+1s Starts at 2200hrs ST"]
[Site "Infinity Chess"]
[Date "2018.1.22"]
[Round "8"]
[White "OlivierEvan"]
[Black "Coco69"]
[Result "1/2-1/2"]
[ECO "A13"]
[WhiteElo "2479"]
[BlackElo "2483"]
[WhiteEngine "Houdini 6"]
[BlackEngine "Raubfisch X37b3._CTG"]
[EventType "Swiss"]
[WhiteTeam ""]
[BlackTeam ""]
[PlyCount "137"]
[TimeControl "180+1"]

1. c4 e6 2. d4 d5 3. Nc3 c6 4. e4 dxe4 5. Nxe4 Bb4+ 6. Bd2 Qxd4 7. Bxb4 Qxe4+ 
8. Be2 Na6 9. Ba5 b6 10. Qd6 Bd7 11. Bc3 f6 12. Nf3 Nh6 13. Rd1 Rd8 14. Qa3 Bc8 
15. Nd2 Qf4 16. Bh5+ Nf7 17. O-O c5 18. Qa4+ Ke7 19. Rfe1 Ng5 20. Re3 Rd6 
21. Rde1 Rhd8 22. Nf3 Kf8 23. a3 Nf7 24. h3 Rd3 25. Rxd3 Rxd3 26. Be5 fxe5 
27. Bxf7 Nc7 28. Bg6 Rxf3 29. Qxa7 Qd2 30. Rf1 hxg6 31. Qxc7 Rb3 32. Qxc8+ Kf7 
33. Qb7+ Kf6 34. Qb8 Kf7 35. Qxe5 Rxb2 36. Qc7+ Kg8 37. Qc8+ Kf7 38. Qh8 Qd4 
39. Qa8 Qf6 40. a4 Qd4 41. Qf3+ Kg8 42. Rd1 Rd2 43. Rb1 Rb2 44. Rxb2 Qxb2 
45. Qe4 Kf7 46. Qb7+ Kf6 47. Qf3+ Ke7 48. Qb7+ Kf6 49. g4 Qc1+ 50. Kg2 Qxc4 
51. Qxb6 Qd5+ 52. f3 Qd2+ 53. Kg3 c4 54. a5 Qe1+ 55. Kg2 c3 56. Qd8+ Ke5 
57. Qc7+ Kd4 58. Qxg7+ e5 59. Qa7+ Kd3 60. Qa6+ Ke3 61. Qb6+ Kd2 62. a6 Qe2+ 
63. Kg3 c2 64. a7 c1=Q 65. Qb4+ Ke3 66. Qb3+ Kd2 67. Qb4+ Ke3 68. Qb3+ Kd2 
69. Qb4+ 1/2-1/2